 Dungeon Crawl Stone Soup version 0.13-a0-3104-gb5885e9 (webtiles) character file.

303 Glidder the Sneak (level 4, -3/22 HPs)
             Began as a Spriggan Assassin on Sept 19, 2013.
             Was an Initiate of Nemelex Xobeh.
             Killed from afar by an orc wizard (5 damage)
             ... with a magic dart
             ... on Level 4 of the Dungeon.
             The game lasted 00:18:22 (2564 turns).

Glidder the Sneak (Spriggan Assassin)               Turns: 2564, Time: 00:18:22

HP  -3/22        AC  3     Str  7      XL: 4   Next: 68%
MP   7/7         EV 18     Int 12      God: Nemelex Xobeh [......]
Gold 188         SH  0     Dex 18      Spells:  0 memorised,  3 levels left

Res.Fire  : . . .   See Invis. : +   a - +2 dagger {=f}
Res.Cold  : . . .   Warding    : .   c - +0 robe
Life Prot.: . . .   Conserve   : +   (shield restricted)
Res.Poison: .       Res.Corr.  : .   (helmet restricted)
Res.Elec. : .       Clarity    : .   d - +0 cloak
Sust.Abil.: . .     Spirit.Shd : .   (gloves unavailable)
Res.Mut.  : .       Stasis     : .   (boots unavailable)
Res.Rott. : .       Flight     : .   m - amulet of conservation
Saprovore : . . .                    (no ring)
                                     l - ring of protection from magic

@: heavily drained, very quick, quite resistant to hostile enchantments, very
stealthy
A: unfitting armour, see invisible, herbivore 3, speed 3, slow metabolism 2
a: Renounce Religion


You were on level 4 of the Dungeon.
You worshipped Nemelex Xobeh.
Nemelex Xobeh was pleased with you.
You were not hungry.

You visited 1 branch of the dungeon, and saw 4 of its levels.

You collected 138 gold pieces.

Inventory:

Hand weapons
 a - a +2,+2 dagger (weapon) {=f}
 b - a +0 blowgun
 C - a +0,+0 dagger
Missiles
 e - 8 poisoned needles
 f - 2 curare-tipped needles
 k - 24 darts (quivered)
 A - 10 bolts of frost
Armour
 c - a +0 robe (worn)
 d - a +0 cloak (worn)
 u - a +0 robe
Magical devices
 E - a wand of cold (11) {unknown}
Comestibles
 j - 7 sultanas
 t - 5 bread rations
 v - 7 strawberries
Scrolls
 h - a scroll of curse armour {unknown}
 i - 2 scrolls of enchant weapon I {unknown}
 n - a scroll of magic mapping {unknown}
 o - a scroll of random uselessness {unknown}
 s - 5 scrolls of remove curse {unknown}
 w - 2 scrolls of identify
 x - a scroll of fear {unknown}
 y - 2 scrolls of teleportation {unknown}
 z - a scroll of blinking {unknown}
Jewellery
 l - a ring of protection from magic (left hand)
 m - an amulet of conservation (around neck)
Potions
 g - a potion of porridge
 p - a potion of poison
 q - 6 potions of curing
 r - 3 potions of restore abilities {unknown}
 B - 2 potions of heal wounds {unknown}
 D - a potion of speed {unknown}
Miscellaneous
 F - an ornate deck of summonings


   Skills:
 + Level 1.8(0.4) Fighting
 + Level 2.9(1.5) Short Blades
 + Level 2.4(1.0) Throwing
 + Level 3.8(2.3) Dodging
 + Level 7.5(5.9) Stealth


You had 3 spell levels left.
You didn't know any spells.

Dungeon Overview and Level Annotations

Branches:
Dungeon (4/27)
 Temple: D:4-7

Altars:
Nemelex Xobeh
the Shining One


Innate Abilities, Weirdness & Mutations

You are tiny and cannot use many weapons and most armour.
You have supernaturally acute eyesight.
You are a herbivore.
You cover ground extremely quickly.
You need consume almost no food.


Message History

Aim: an orc wizard, wielding an orcish dagger of draining and wearing an orcish robe (heavily wounded, moving very quickly)
You throw a dart. The dart hits the orc wizard.
The orc wizard is severely wounded.
The orc wizard gestures at you while chanting.
The puff of flame hits you!
* * * LOW HITPOINT WARNING * * *
Throwing (i - inventory. (,) - cycle):
k - 26 darts (quivered)
Press: ? - help, Shift-Dir - straight line, f/p - orc wizard
Aim: an orc wizard, wielding an orcish dagger of draining and wearing an orcish robe (severely wounded, moving very quickly)
You throw a dart. The dart hits the orc wizard.
The orc wizard is severely wounded.
Throwing (i - inventory. (,) - cycle):
k - 25 darts (quivered)
Press: ? - help, Shift-Dir - straight line, f/p - orc wizard
Aim: an orc wizard, wielding an orcish dagger of draining and wearing an orcish robe (severely wounded, moving very quickly)
You throw a dart. The dart hits the orc wizard.
The orc wizard is severely wounded.
The orc wizard points at you and mumbles some strange words.
The magic dart hits you!
You die...
Your body disappears without a glow.

##########################.
<...........................
............................
............................
.......((.(%.(.(.............
.............oK.@.............
..............o................
............o...................
...........(.....................
......................≈≈.........
#####################..⌠K......#
#..≈≈......# #..........#
#..........#


You could see an orc wizard, 2 orcs and a kobold.

Vanquished Creatures
  A giant frog zombie (D:3)
  3 adders
  A worm (D:3)
  A giant gecko (D:4)
  2 orcs
  A ball python (D:2)
  2 giant cockroaches
  5 goblins
  10 hobgoblins
  4 jackals (D:3)
  2 oozes
  5 bats
  2 giant newts (D:2)
  A hobgoblin skeleton (D:4)
  3 kobolds
  8 rats
51 creatures vanquished.

Notes
Turn   | Place    | Note
--------------------------------------------------------------
     0 | D:1      | Glidder, the Spriggan Assassin, began the quest for the Orb.
     0 | D:1      | Reached XP level 1. HP: 10/10 MP: 1/1
   134 | D:1      | Reached skill level 6 in Stealth
   323 | D:1      | Reached XP level 2. HP: 14/14 MP: 3/3
  1279 | D:2      | Reached XP level 3. HP: 15/18 MP: 5/5
  1309 | D:2      | Found a glowing golden altar of the Shining One.
  1446 | D:2      | Reached skill level 7 in Stealth
  1813 | D:3      | Reached XP level 4. HP: 22/22 MP: 7/7
  2134 | D:3      | Found a sparkling altar of Nemelex Xobeh.
  2152 | D:3      | Became a worshipper of Nemelex Xobeh
  2212 | D:3      | Received a gift from Nemelex Xobeh
  2564 | D:4      | Killed from afar by an orc wizard

Action                   |  1- 3 |  4- 6 || total
-------------------------+-------+-------++-------
Melee: Dagger            |   108 |    55 ||   163
Throw: Dart              |       |    11 ||    11
  Use: Scroll            |     2 |       ||     2
       Potion            |       |     2 ||     2
 Stab: Sleeping          |    10 |     3 ||    13
